 Dungeon Crawl Stone Soup version 0.31-a0-364-gb59cdcccf2 (webtiles) character file.

Game seed: 2054229994548392939

342 Dirtsage the Ruffian (level 6, -3/43 HPs)
             Began as a Demonspawn Shapeshifter on July 27, 2023.
             Slain by Blork the orc
             ... wielding a +0 halberd
              (13 damage)
             ... on level 4 of the Dungeon.
             The game lasted 00:11:09 (3075 turns).

Dirtsage the Ruffian (Demonspawn Shapeshifter)      Turns: 3075, Time: 00:11:10

Health: -3/43      AC:  6    Str: 17    XL:     6   Next: 30%
Magic:  6/6        EV: 10    Int:  9    God:
Gold:   213        SH:  4    Dex: 14    Spells: 5/5 levels left

rFire   + .          .
                       - Unarmed
rCold   . . .        (no shield)
rNeg    . . .        d - +0 scale mail
rPois   +            (helmet currently unavailable)
rElec   .            (cloak currently unavailable)
rCorr   .            (gloves currently unavailable)
SInv    .            (boots currently unavailable)
Will    .....        (no amulet) Stlth
                     P - ring of poison resistance
HPRegen 0.27/turn    F - ring of protection from fire
MPRegen 0.10/turn

%: no passive effects
@: beast-form
A: beast (slay +3), antennae 1, powered by death 2, condensation shield
a: Begin Untransformation


You were on level 4 of the Dungeon.
You were a hulking beast.
You visited 1 branch of the dungeon, and saw 4 of its levels.
You also visited: Sewer.

You collected 213 gold pieces.

Inventory:

Missiles
 k - 2 throwing nets
Armour
 a - a +0 animal skin
 d - a +0 scale mail (worn)
 i - a scarf of repulsion
Magical Staves
 m - a staff of fire
Jewellery
 C - a ring of resist corrosion
 F - a ring of protection from fire (right hand)
 P - a ring of poison resistance (left hand)
Talismans
 c - a beast talisman
Scrolls
 b - a scroll of immolation {unknown}
 f - 2 scrolls of fog {unknown}
 g - 2 scrolls of teleportation {unknown}
 j - 2 scrolls of identify {unknown}
 l - a scroll of amnesia {unknown}
 n - 2 scrolls of poison {unknown}
 o - a scroll of noise {unknown}
Potions
 e - a potion of heal wounds {unknown}
 h - a potion of haste {unknown}
 p - 2 potions of degeneration {unknown}
 q - a potion of magic {unknown}


   Skills:
 + Level 1.1 Fighting
 - Level 1.7 Dodging
 * Level 5.0 Unarmed Combat
 + Level 4.3 Shapeshifting


You had 5 spell levels left.
You didn't know any spells.
Your spell library contained the following spells:

 Spells                   Type           Power      Damage    Failure   Level
 Call Canine Familiar     Summ           0%         N/A       99%         3
 Portal Projectile        Hex/Tloc       0%         N/A       99%         3
 Leda's Liquefaction      Hex/Erth       0%         N/A       100%        4


Dungeon Overview and Level Annotations

Branches:
Dungeon (4/15)              Sewer (visited)
 Temple: D:4-7

Altars:
Wu Jian

Annotations:
D:4 Blork the orc


Innate Abilities, Weirdness & Mutations

You are a hulking beast.
Your limbs bulge with bestial killing power. (Slay +3)
You have a pair of small antennae on your head.
You regenerate health from kills.
A meltable shield of frost defends you. (SH +4)


Message History

Blork the orc screams, "I'll drink your blood!
Soon!"
You block Blork the orc's attack. Blork the orc barely misses you.
You hit Blork the orc.
Blork the orc is lightly wounded.
Blork the orc screams, "You are the ugliest creature I've ever seen!"
Blork the orc barely misses you.
You hit Blork the orc.
Blork the orc is moderately wounded.
Blork the orc hits you with a +0 halberd!
You take 10 damage, and have 33/43 hp.
MASSIVE DAMAGE!!
You hit Blork the orc.
Blork the orc is moderately wounded.
Blork the orc screams, "Die!"
Blork the orc hits you with a +0 halberd.
You block Blork the orc's attack.
You take 3 damage, and have 30/43 hp.
You closely miss Blork the orc.
Blork the orc is moderately wounded.
Blork the orc completely misses you.
You punch Blork the orc!
Blork the orc is heavily wounded.
You block Blork the orc's attack.
You completely miss Blork the orc.
Blork the orc is heavily wounded.
Blork the orc closely misses you. x2
You hit Blork the orc.
Blork the orc is severely wounded.
Blork the orc hits you with a +0 halberd!
You take 8 damage, and have 23/43 hp.
You barely miss Blork the orc.
Blork the orc is severely wounded.
Blork the orc gestures at you while chanting.
The magic dart hits you.
You take 6 damage, and have 17/43 hp.
You hit Blork the orc.
Blork the orc is severely wounded.
Blork the orc hits you with a +0 halberd!
* * * LOW HITPOINT WARNING * * *
Blork the orc hits you with a +0 halberd!
You die...

#.o....#
#.#.##.#
#.#.##.#
#.#.##.#
#... #.#
#..# #.#
#..###.#
#..#.#.#
#....ho###
##.......+
#.....####
#.##.##
#.#### #.#
##.#### #+#
#.....######
#.#
#..#.......#
#.#


You could see Blork the orc (fast).

Vanquished Creatures
  A black bear (D:3)
  A hound (D:4)
  A hell rat (Sewer)
  7 gnolls
  2 adders
  2 river rats (D:4)
  4 worms (D:4)
  3 dart slugs
  4 orcs (D:3)
  6 endoplasms
  4 giant cockroaches (D:1)
  3 goblins
  3 hobgoblins
  10 jackals
  A quokka (D:2)
  2 bats (D:1)
  9 frilled lizards
  4 kobolds (D:1)
  16 rats
83 creatures vanquished.

Notes
Turn   | Place    | Note
-------+----------+-------------------------------------------
     0 | D:1      | Dirtsage the Demonspawn Shapeshifter began the quest for
                  | the Orb.
     0 | D:1      | Reached XP level 1. HP: 15/15 MP: 1/1
   136 | D:1      | Reached skill level 3 in Unarmed Combat
   136 | D:1      | Gained mutation: A meltable shield of frost defends you.
                  | (SH +4) [demonic ancestry]
   136 | D:1      | Reached XP level 2. HP: 21/21 MP: 2/2
   483 | D:1      | Gained mutation: You regenerate a little health from kills.
                  | [demonic ancestry]
   483 | D:1      | Reached XP level 3. HP: 26/26 MP: 3/3
   773 | D:2      | Identified the +2 hand axe "Qetyq" {freeze, Str+3}
   774 | D:2      | Saving game... please wait.
  1134 | D:2      | Gained mutation: You regenerate health from kills. [demonic
                  | ancestry]
  1134 | D:2      | Reached XP level 4. HP: 23/32 MP: 4/4
  1789 | D:3      | Noticed a black bear
  1794 | D:3      | Killed a black bear
  1795 | D:3      | Reached skill level 4 in Unarmed Combat
  1795 | D:3      | Gained mutation: You have a pair of small antennae on your
                  | head. [demonic ancestry]
  1795 | D:3      | Reached XP level 5. HP: 37/37 MP: 5/5
  2375 | D:3      | Found an ornate altar of the Wu Jian Council.
  2540 | D:4      | Noticed an ogre
  2757 | D:4      | Reached XP level 6. HP: 38/43 MP: 6/6
  2834 | D:4      | Found a glowing drain.
  2847 | Sewer    | Entered a sewer
  2965 | D:4      | Reached skill level 5 in Unarmed Combat
  3055 | D:4      | Noticed Blork the orc
  3075 | D:4      | Slain by Blork the orc

Illustrated notes

Levels and vault maps discovered:
D:1:      psy_arrival_terrarium, layout_loops_ring,
          minmay_misc_feat_more_columns
D:2:      layout_basic
D:3:      minmay_angry_zag, layout_basic, pdpol_wu_jian_five_deadly_venoms
D:4:      layout_loops_corners, lightli_sewer_entry_pipes, uniq_sigmund,
          uniq_blork_the_orc, uniq_duvessa

Skill      XL: |  1  2  3  4  5  6 |
---------------+-------------------+-----
Unarmed Combat | 3 4 5 |  5.0
Shapeshifting  | 3 4 |  4.3
Fighting       | |  1.1
Dodging        | |  1.7

Action                     |  1- 3 |  4- 6 || total
---------------------------+-------+-------++-------
  Melee: Unarmed           |   105 |   178 ||   283
         Punch             |     2 |     7 ||     9
    Use: Potion            |       |     1 ||     1
 Armour: Scale mail        |    36 |    30 ||    66
         Animal skin       |     1 |       ||     1
         Skin              |       |     8 ||     8
  Dodge: Dodged            |    43 |    69 ||   112
  Block: Other             |    12 |    21 ||    33

Table legend: (Time is in decaauts)
 A = Elapsed time spent in this place.
 B = Non-inter-level travel time spent in this place.
 C = Inter-level travel time spent in this place.
 D = Time resting spent in this place.
 E = Time spent auto-exploring this place.
 F = Levels seen in this place.
 G = Mean time per level.
                   A        B        C        D        E       F      G
               +--------+--------+--------+--------+--------+-----+--------+
         Total |   3100 |   2992 |    108 |     18 |   2306 |   5 |  620.0 |
       Dungeon |   2988 |   2880 |    108 |     18 |   2248 |   4 |  747.0 |
         Sewer |    112 |    112 |      0 |      0 |     58 |   1 |  112.0 |
               +--------+--------+--------+--------+--------+-----+--------+

Top non-repeatable levels by time:
     D:3: 989 daAuts
     D:2: 806 daAuts
     D:1: 765 daAuts
     D:4: 427 daAuts
   Sewer: 112 daAuts
